 Dungeon Crawl Stone Soup version 0.29.0-4-gdea44cf6ec (webtiles) character file.

Game seed: 10959884231408432266

210 qw the Chopper (level 5, -1/30 HPs)
             Began as a Tengu Warper on Aug 28, 2022.
             Slain by Edmund
             ... wielding a +2 flail of holy wrath
              (8 damage)
             ... on level 4 of the Dungeon.
             The game lasted 00:00:23 (4601 turns).

qw the Chopper (Tengu Warper)                       Turns: 4601, Time: 00:00:23

Health: -1/30      AC:  7    Str: 14    XL:     5   Next: 88%
Magic:  9/9        EV: 11    Int: 13    God:
Gold:   148        SH:  0    Dex: 13    Spells: 8/8 levels left

rFire   . . .      SeeInvis .   Y - +1 hand axe
rCold   . . .      Faith    .   (no shield)
rNeg    . . .      Spirit   .   f - +0 scale mail
rPois   .          Reflect  .   (helmet restricted)
rElec   .          Harm     .   (no cloak)
rCorr   .          Rampage  .   b - +0 pair of gloves
Will    .....                   (boots unavailable)
Stlth   ..........              (no amulet)
HPRegen 0.10/turn               (no ring)
MPRegen 0.11/turn               (no ring)

@: about to teleport, flying quickly and evasively, quick
A: beak, talons 3, nimble flight
a: no special abilities


You were on level 4 of the Dungeon.
You visited 1 branch of the dungeon, and saw 4 of its levels.

You collected 148 gold pieces.


Innate Abilities, Weirdness & Mutations

You have a beak for a mouth.
You have claws for feet.
Your magical nature lets you fly swiftly and evasively.


   Skills:
 - Level 2.0 Fighting
 + Level 6.5 Axes
 - Level 1.0 Throwing
 - Level 1.1 Armour
 - Level 2.1 Dodging
 - Level 2.0 Spellcasting
 - Level 2.4 Translocations


You had 8 spell levels left.
You didn't know any spells.
Your spell library contained the following spells:

 Spells                   Type           Power      Damage    Failure   Level
 Blink                    Tloc           14%        N/A       54%         2
 Gell's Gravitas          Tloc           7%         N/A       77%         3
 Lesser Beckoning         Tloc           7%         N/A       77%         3
 Teleport Other           Tloc           7%         N/A       77%         3
 Manifold Assault         Tloc           7%         N/A       100%        5

Inventory:

Hand Weapons
 e - a +0 whip
 Y - a +1 hand axe (weapon)
Missiles
 i - a boomerang (quivered)
Armour
 b - a +0 pair of gloves (worn)
 f - a +0 scale mail (worn)
Scrolls
 k - a scroll of identify
Potions
 c - a potion of curing
 j - a potion of mutation

Dungeon Overview and Level Annotations

Branches:
Dungeon (4/15)
 Temple: D:4-7

Altars:

Annotations:
D:3 1 runed translucent door, Crazy Yiuf
D:4 Edmund


Message History

As you read the scroll of identify, it crumbles to dust.
j - a potion of mutation;
4554 ||| IDENTIFYING silvery potion Could not explore, unopened runed door.
4555 ||| DROPPING potion of ambrosia.
You drop a potion of ambrosia.
Could not explore, unopened runed door.
(D) Dungeon
Where to? (* - list waypoints, Enter - D:3, ? - help)
What level of the Dungeon? (default 1, ? - help)
You see here a +0 barding.
There is a stone staircase leading down here.
You fly downwards.
Edmund shouts!
The ball python hisses angrily.
Found a scroll of teleportation.
Found a stone staircase leading up.
There is a stone staircase leading up here.
There are monsters nearby!
Existing waypoints: (1) D:2 (2) D:3 Assign waypoint to what number? (0-9, D - delete waypoint) Waypoint 1 re-assigned from D:2 to D:4.
Enter note: Throw: boomerang
Press: ? - help, Q - select action Shift-Dir - straight line, f - ball python You throw a boomerang.
The boomerang hits the ball python.
You kill the ball python!
Throw: boomerang
Press: ? - help, Q - select action Shift-Dir - straight line, f - Edmund You throw a boomerang.
The boomerang barely misses Edmund.
You hit Edmund but do no damage. Your kick misses Edmund.
Edmund hits you with a +2 flail of holy wrath!
You hit Edmund but do no damage. Your kick misses Edmund.
You peck Edmund, but do no damage.
Edmund hits you with a +2 flail of holy wrath!
You hit Edmund. Your kick misses Edmund. You peck Edmund, but do no damage.
Edmund is lightly wounded.
Edmund hits you with a +2 flail of holy wrath.
4601 ||| READING scroll of teleportation.
As you read the scroll of teleportation, it crumbles to dust.
You feel strangely unstable.
Edmund hits you with a +2 flail of holy wrath!
You die...

... ...# ..
...#
..##....#
### ..#...#
.... ..#..#
#?... #....#
#...#....##
#....@@.<.#
###........#
#..........
..........##
##....#...##
####.##....
... ....#
... ....#


You could see Edmund.

Vanquished Creatures
  A necrophage (D:3)
  Terence (D:3)
  4 adders
  3 worms (D:2)
  4 dart slugs
  4 orcs (D:3)
  6 endoplasms
  A giant cockroach (D:2)
  4 goblins
  9 hobgoblins
  2 jackals (D:2)
  A quokka (D:1)
  7 ball pythons
  4 bats
  3 frilled lizards
  10 kobolds
  14 rats
78 creatures vanquished.

Vanquished Creatures (others)
  A ball python (D:1)
1 creature vanquished.

Grand Total: 79 creatures vanquished

Notes
Turn   | Place    | Note
-------+----------+-------------------------------------------
     0 | D:1      | qw the Tengu Warper began the quest for the Orb.
     0 | D:1      | Reached XP level 1. HP: 12/12 MP: 4/4
     0 | D:1      | 0 ||| qw: Version: 0.1-a-89-g26bdef1
     0 | D:1      | 0 ||| qw: Game counter: 2127
     0 | D:1      | 0 ||| qw: Always use a shield: true
     0 | D:1      | 0 ||| qw: God list: Okawaru
     0 | D:1      | 0 ||| qw: Allow faded altars: false
     0 | D:1      | 0 ||| qw: Do Orc after D:15 true
     0 | D:1      | 0 ||| qw: Do second Lair branch before Depths: true
     0 | D:1      | 0 ||| qw: Lair rune preference: random
     0 | D:1      | 0 ||| qw: Plans: Normal
     0 | D:1      | 0 ||| PLANNING D:1-11
    54 | D:1      | 54 ||| Stepping ~*~*~tactically~*~*~ (stealth).
    60 | D:1      | 60 ||| Stepping ~*~*~tactically~*~*~ (stealth).
    74 | D:1      | HP: 3/12 [kobold/+0 short sword (2)]
   431 | D:1      | HP: 2/12 [kobold/+0 whip (4)]
   433 | D:1      | Reached XP level 2. HP: 3/17 MP: 6/6
   728 | D:1      | Reached skill level 3 in Axes
  1083 | D:1      | 1083 ||| Stepping ~*~*~tactically~*~*~ (stealth).
  1134 | D:1      | 1134 ||| Stepping ~*~*~tactically~*~*~ (stealth).
  1135 | D:1      | 1135 ||| Stepping ~*~*~tactically~*~*~ (stealth).
  1144 | D:1      | 1144 ||| Stepping ~*~*~tactically~*~*~ (stealth).
  1450 | D:1      | Reached XP level 3. HP: 17/21 MP: 7/7
  1693 | D:1      | 1693 ||| Stepping ~*~*~tactically~*~*~ (stealth).
  1695 | D:1      | 1695 ||| Stepping ~*~*~tactically~*~*~ (stealth).
  1710 | D:1      | 1710 ||| READING scroll labelled XEVAOH EQIGAYQ.
  1711 | D:1      | 1711 ||| READING scroll labelled RIDOOGAL ULUT.
  1715 | D:1      | 1715 ||| READING scroll labelled YDGHYA OROOL.
  1716 | D:1      | 1716 ||| READING scroll labelled ZAFU KEINE.
  1717 | D:1      | 1717 ||| READING scroll labelled XUXOGE GOICU.
  1718 | D:1      | 1718 ||| DROPPING scroll of blinking.
  1745 | D:2      | Found a faded altar of an unknown god.
  1784 | D:2      | 1784 ||| Stepping ~*~*~tactically~*~*~ (stealth).
  1794 | D:2      | 1794 ||| Stepping ~*~*~tactically~*~*~ (stealth).
  1795 | D:2      | 1795 ||| Stepping ~*~*~tactically~*~*~ (stealth).
  1797 | D:2      | 1797 ||| Stepping ~*~*~tactically~*~*~ (hiding).
  1807 | D:2      | Reached skill level 4 in Axes
  1817 | D:2      | 1817 ||| Stepping ~*~*~tactically~*~*~ (hiding).
  1929 | D:2      | 1929 ||| Stepping randomly (stuck).
  2006 | D:2      | 2006 ||| Stepping ~*~*~tactically~*~*~ (stealth).
  2007 | D:2      | 2007 ||| Stepping ~*~*~tactically~*~*~ (stealth).
  2009 | D:2      | 2009 ||| Stepping ~*~*~tactically~*~*~ (stealth).
  2011 | D:2      | 2011 ||| Stepping ~*~*~tactically~*~*~ (stealth).
  2107 | D:2      | 2107 ||| Stepping ~*~*~tactically~*~*~ (stealth).
  2116 | D:2      | Reached XP level 4. HP: 25/26 MP: 8/8
  2302 | D:2      | 2302 ||| Stepping ~*~*~tactically~*~*~ (stealth).
  2358 | D:2      | Reached skill level 5 in Axes
  2514 | D:2      | 2514 ||| Stepping ~*~*~tactically~*~*~ (stealth).
  2515 | D:2      | 2515 ||| Stepping ~*~*~tactically~*~*~ (stealth).
  2518 | D:2      | 2518 ||| Stepping ~*~*~tactically~*~*~ (stealth).
  2664 | D:2      | 2664 ||| UPGRADING to +0 ring mail.
  2881 | D:2      | 2881 ||| DROPPING +0 leather armour.
  3079 | D:2      | 3079 ||| UPGRADING to +0 pair of gloves.
  3200 | D:2      | 3200 ||| READING scroll labelled MIUGGO ZOLU.
  3201 | D:2      | 3201 ||| READING scroll labelled BUNAOMI INETI.
  3202 | D:2      | 3202 ||| DRINKING 2 orange potions.
  3214 | D:3      | Noticed Terence
  3224 | D:3      | HP: 4/26 [Terence/+0 hand axe (6)]
  3225 | D:3      | 3225 ||| READING scroll of teleportation.
  3227 | D:3      | Noticed a necrophage
  3231 | D:3      | HP: 3/26 [necrophage (1)]
  3235 | D:3      | Killed a necrophage
  3236 | D:3      | Gained mutation: Your magical nature lets you fly swiftly
                  | and evasively. [Tengu growth]
  3236 | D:3      | Reached XP level 5. HP: 2/30 MP: 9/9
  3302 | D:3      | 3302 ||| Stepping ~*~*~tactically~*~*~ (stealth).
  3305 | D:3      | 3305 ||| Stepping ~*~*~tactically~*~*~ (stealth).
  3319 | D:3      | 3319 ||| Stepping ~*~*~tactically~*~*~ (stealth).
  3320 | D:3      | 3320 ||| Stepping ~*~*~tactically~*~*~ (stealth).
  3632 | D:3      | Killed Terence
  3633 | D:3      | Reached skill level 6 in Axes
  4044 | D:3      | Found a runed translucent door.
  4045 | D:3      | Noticed Crazy Yiuf
  4410 | D:3      | 4410 ||| UPGRADING to +0 scale mail.
  4420 | D:3      | 4420 ||| DROPPING +0 ring mail.
  4421 | D:3      | 4421 ||| READING scroll labelled JISCHI ZU TAGYT.
  4552 | D:3      | 4552 ||| READING scroll labelled MEMOON OVEGYODEDGH.
  4553 | D:3      | 4553 ||| READING 3 scrolls of identify.
  4553 | D:3      | 4553 ||| IDENTIFYING viscous coppery potion
  4554 | D:3      | 4554 ||| READING 2 scrolls of identify.
  4554 | D:3      | 4554 ||| IDENTIFYING silvery potion
  4555 | D:3      | 4555 ||| DROPPING potion of ambrosia.
  4594 | D:4      | Noticed Edmund
  4600 | D:4      | HP: 7/30 [Edmund/+2 flail of holy wrath (5)]
  4601 | D:4      | 4601 ||| READING scroll of teleportation.
  4601 | D:4      | Slain by Edmund

Levels and vault maps discovered:
D:1:      saegor_arrival_simple_b, layout_rooms, minmay_misc_feat_rows,
          minivault_14, lemuel_flame_loot_1
D:2:      layout_basic, serial_glass, glass_columns_b, glass_columns_c,
          hellmonk_ecumenical_altar_leap_of_faith,
          minmay_fractal_squares_gapless_5
D:3:      layout_loops_ring, uniq_terence, uniq_crazy_yiuf_cottage
D:4:      layout_cave_pools, marbit_many_paths, gammafunk_ghost_grave,
          minmay_lizard_king, uniq_duvessa, uniq_edmund, uniq_robin

Skill      XL: |  1  2  3  4  5 |
---------------+----------------+-----
Axes           | 3 4 5 6 |  6.5
Fighting       | |  2.0
Throwing       | |  1.0
Armour         | |  1.1
Dodging        | |  2.1
Spellcasting   | |  2.0
Translocations | |  2.4

Action                   |  1- 3 |  4- 6 || total
-------------------------+-------+-------++-------
Melee: Hand axe          |    87 |   104 ||   191
       Peck              |    13 |    16 ||    29
       Kick              |    21 |    25 ||    46
       Punch             |     1 |     1 ||     2
Throw: Boomerang         |     7 |    19 ||    26
  Use: Scroll            |     5 |     8 ||    13
       Potion            |       |     1 ||     1
Armor: Leather armour    |    23 |     6 ||    29
       Ring mail         |       |    14 ||    14
Dodge: Dodged            |    34 |    56 ||    90

Table legend:
 A = Non-vault XP
 B = Vault XP
 C = Vault XP percentage of total XP
 D = Non-vault monster count
 E = Vault monster count
 F = Vault count percentage of total count
                 A         B        C        D         E       F
            +---------+---------+-------+---------+---------+-------
      Total |     243 |      58 |  19.3 |      69 |       9 |  11.5
            +---------+---------+-------+---------+---------+-------
        D:1 |      40 |       0 |   0.0 |      26 |       0 |   0.0
        D:2 |      66 |      22 |  25.0 |      23 |       8 |  25.8
        D:3 |     136 |      36 |  20.9 |      19 |       1 |   5.0
        D:4 |       1 |       0 |   0.0 |       1 |       0 |   0.0
            +---------+---------+-------+---------+---------+-------
